 Dungeon Crawl Stone Soup version 0.23.2-33-g5129a83184 (webtiles) character file.

Game seed: 670909612630988583

26 FishyPogo the Caller (level 2, -2/15 HPs)
             Began as a Deep Elf Summoner on July 25, 2019.
             Slain by an adder (3 damage)
             ... on level 2 of the Dungeon.
             The game lasted 00:11:37 (998 turns).

FishyPogo the Caller (Deep Elf Summoner)             Turns: 998, Time: 00:11:37

Health: -2/15      AC:  4    Str:  5    XL:     2   Next: 89%
Magic:  3/8        EV: 12    Int: 19    God:
Gold:   96         SH:  0    Dex: 15    Spells: 7/8 levels left

rFire    . . .     SeeInvis .   f - +0 whip
rCold    . . .     Gourm    .   (no shield)
rNeg     . . .     Faith    .   i - +0 leather armour
rPois    .         Spirit   .   (no helmet)
rElec    .         Reflect  .   (no cloak)
rCorr    .         Harm     .   h - +0 pair of gloves
MR       .....                  (no boots)
Stlth    ++........             (no amulet)
HPRegen  0.05/turn              (no ring)
MPRegen  0.11/turn              (no ring)

@: lethally poisoned (-2 -> -10)
A: no striking features
a: no special abilities


You were on level 2 of the Dungeon.
You were not hungry.

You visited 1 branch of the dungeon, and saw 2 of its levels.

You collected 96 gold pieces.

Inventory:

Hand Weapons
 f - a +0 whip (weapon)
Missiles
 m - 43 bolts
 q - 17 stones (quivered)
Armour
 h - a +0 pair of gloves (worn)
 i - a +0 leather armour (worn)
Jewellery
 l - an uncursed amulet of rage {unknown}
Wands
 p - a wand of paralysis (7)
Scrolls
 a - 4 scrolls of teleportation {unknown}
 b - a scroll of immolation {unknown}
 d - a scroll of remove curse {unknown}
 g - a scroll of amnesia {unknown}
 j - a scroll of enchant armour {unknown}
 o - a scroll of identify {unknown}
Potions
 e - 2 potions of haste {unknown}
 k - a potion of curing {unknown}
Comestibles
 c - 5 rations
 n - 19 chunks of flesh


   Skills:
 + Level 0.1 Armour
 + Level 2.7 Dodging
 + Level 2.7 Stealth
 + Level 3.6 Spellcasting
 + Level 4.8 Summonings


You had 7 spell levels left.
You knew the following spells:

 Your Spells              Type           Power        Failure   Level  Hunger
a - Summon Small Mammal   Summ           ###.         3%          1    None

Your spell library contained the following spells:

 Spells                   Type           Power        Failure   Level  Hunger
 Call Imp                 Summ           ###.....     4%          2    ##.....
 Call Canine Familiar     Summ           ###.....     10%         3    ###....
 Summon Guardian Golem    Hex/Summ       ##......     26%         3    ###....
 Summon Ice Beast         Ice/Summ       ##......     65%         4    ####...
 Summon Lightning Spire   Summ/Air       ##......     65%         4    ####...


Dungeon Overview and Level Annotations

Branches:
Dungeon (2/15)

Altars:


Message History

Confirm with . or Enter, or press ? or * to list all spells.
The adder closely misses you.
Your quokka closely misses the adder.
Your rat closely misses the adder.
Casting: Summon Small Mammal (safe; 3% risk of failure)
Confirm with . or Enter, or press ? or * to list all spells.
The adder bites you but does no damage.
Your quokka barely misses the adder.
Your rat misses the adder.
You feel sick.
Your quokka closely misses the adder.
The adder bites you but does no damage.
Your rat closely misses the adder.
Casting: Summon Small Mammal (safe; 3% risk of failure)
Confirm with . or Enter, or press ? or * to list all spells.
The adder bites you.
* * * LOW HITPOINT WARNING * * *
You are lethally poisoned!
The adder poisons you!
Your quokka completely misses the adder.
Your rat bites the adder.
* * * LOW HITPOINT WARNING * * *
You feel sick. The adder bites you.
You die...

).รท# #..####.##.#>..
##.### #..#..#.##.#.####
#)..# #.....#.##......#
##)#####.....#....#.##.#
#.........#.......#...
#..............r..#####
#.........#..r....#
#.........####r##.#
#.........# #.S@b#
#.........# ######
#.........# #.........#
#.........# #.........#
#.........# #.........#
#.........#


You could see an adder, a friendly quokka, a friendly bat and a friendly rat.

Vanquished Creatures
  3 goblins (D:2)
  A hobgoblin (D:1)
  3 rats
7 creatures vanquished.

Vanquished Creatures (collateral kills)
  Robin (D:2)
  A ball python (D:1)
  2 bats
  A giant cockroach (D:1)
  9 goblins
  2 hobgoblins (D:2)
  2 jackals (D:2)
  3 rats
21 creatures vanquished.

Grand Total: 28 creatures vanquished

Notes
Turn   | Place    | Note
-------+----------+-------------------------------------------
     0 | D:1      | FishyPogo the Deep Elf Summoner began the quest for the
                  | Orb.
     0 | D:1      | Reached XP level 1. HP: 10/10 MP: 6/6
    10 | D:1      | Noticed an ogre
   729 | D:2      | Reached XP level 2. HP: 10/15 MP: 5/8
   759 | D:2      | Noticed Robin
   807 | D:2      | Killed Robin
   998 | D:2      | Slain by an adder

Action                   || total
-------------------------++-------
Melee: Unarmed           ||    22
       Whip              ||    21
 Cast: Summon Small Mamm ||    48
Armor: Robe              ||    15
       Leather armour    ||    10
Dodge: Dodged            ||    48
